 Dungeon Crawl Stone Soup version 0.16.1-16-gc44b35d (webtiles) character file.

70 hulla the Changer (level 4, 0/28 HPs)
             Began as an Octopode Transmuter on Apr 16, 2015.
             Slain by a goblin (5 damage)
             ... led by Robin
             ... on level 2 of the Dungeon.
             The game lasted 00:06:47 (2211 turns).

hulla the Changer (Octopode Transmuter)             Turns: 2211, Time: 00:06:48

Health: 0/28       AC:  2    Str:  9    XL:     4   Next: 21%
Magic:  5/7        EV: 19    Int: 16    God:
Gold:   74         SH:  0    Dex: 17    Spells: 3 memorised, 1 level left

rFire  . . .     SeeInvis .       - Unarmed
rCold  . . .     Clarity  .     (shield currently unavailable)
rNeg   . . .     SustAb   .     (helmet currently unavailable)
rPois  x         Gourm    .     (no amulet)
rElec  .         Spirit   .     (no ring)
rCorr  .         Warding  .     (no ring)
rMut   .         Stasis   .     (no ring)
MR     .....                    (no ring)
Stlth  ++........               (no ring)
                                (no ring)
                                (no ring)
                                (no ring)

@: spider-form (expiring), not resistant to hostile enchantments, unstealthy
A: almost no armour, amphibious, 8 rings, (constrict 8), (camouflage 0),
(gelatinous body 0)
a: End Transformation


You were on level 2 of the Dungeon.
You were not hungry.
You were a venomous arachnid creature.
You visited 1 branch of the dungeon, and saw 2 of its levels.

You collected 74 gold pieces.

Inventory:

Hand weapons
 k - a +0 spear
Missiles
 b - 12 arrows
 e - 70 stones (quivered)
 g - 51 sling bullets
Jewellery
 l - an uncursed ring of poison resistance {unknown}
Scrolls
 c - a scroll of teleportation {unknown}
 i - 3 scrolls of remove curse
 j - 2 scrolls of identify
 m - a scroll of blinking {unknown}
Potions
 f - a potion of curing {unknown}
 h - a potion of flight
Books
 d - a book of Changes

   Spells                             Type                      Level
   a - Beastly Appendage              Transmutation                1
   b - Sticks to Snakes               Transmutation                2
   c - Spider Form                    Transmutation/Poison         3
   d - Ice Form                       Ice/Transmutation            4
   e - Blade Hands                    Transmutation                5
Comestibles
 a - a bread ration
 n - 2 chunks of flesh


   Skills:
 - Level 1.0 Fighting
 - Level 2.0 Dodging
 - Level 3.0 Unarmed Combat
 - Level 2.0 Spellcasting
 + Level 3.9 Transmutations
 + Level 2.0 Poison Magic


You had one spell level left.
You knew the following spells:

 Your Spells              Type           Power        Failure   Level  Hunger
a - Beastly Appendage     Trmt           ##....       17%         1    #......
b - Spider Form           Trmt/Pois      ##........   41%         3    ###....
c - Sticks to Snakes      Trmt           ##........   24%         2    ###....


Dungeon Overview and Level Annotations

Branches:
Dungeon (2/15)

Altars:
Yredelemnul

Annotations:
D:2 Robin


Innate Abilities, Weirdness & Mutations

You cannot wear most types of armour.
You are amphibious.
You can wear up to eight rings at the same time.
((You can use your tentacles to constrict many enemies at once.))
((Your skin changes colour to match your surroundings (Stealth).))
((Your rubbery body absorbs attacks (AC +1).))


Message History

The goblin closely misses you.
You barely miss Robin. Robin hits you but does no damage.
The hobgoblin barely misses you. The goblin completely misses you.
The goblin hits you with a club.
You hit Robin.
Robin is moderately wounded.
Your transformation is almost over.
Robin throws the goblin at you! The hobgoblin completely misses you.
The goblin misses you. The goblin barely misses you.
You hit Robin.
Robin is heavily wounded.
Robin hits you with a dagger. The hobgoblin closely misses you.
The goblin misses you.
You hit Robin.
Robin is poisoned.
Robin is almost dead.
The goblin closely misses you. Robin hits you but does no damage.
The hobgoblin hits you.
* * * LOW HITPOINT WARNING * * *
The goblin hits you.
You die...

# ###### #.# ##
#..... #.##.#####
#..... .#
#.#......# #..##(
#.#.##.#.#..#.###
#..##.
#.......g.g.......
#..#..
....##.#.sg......#
#..#..
#..#..g##.......
#.....
#............##
####..
#....#.##.####
####.# ##.....# .#
#...># ##....##.#
#.#### ##......##
#.# ##......# #.#
##..##.# #.####


You could see Robin, a hobgoblin (frenzied) and 2 goblins.

Vanquished Creatures
  3 worms (D:2)
  A giant gecko (D:1)
  An ooze (D:2)
  2 hobgoblins
  8 jackals
  A quokka (D:2)
  8 bats
  2 giant cockroaches (D:1)
  2 giant newts (D:1)
  13 goblins
  4 kobolds (D:1)
  2 rats (D:1)
47 creatures vanquished.

Notes
Turn   | Place    | Note
--------------------------------------------------------------
     0 | D:1      | hulla, the Octopode Transmuter, began the quest for the Orb.
     0 | D:1      | Reached XP level 1. HP: 13/13 MP: 3/3
   349 | D:1      | Reached XP level 2. HP: 18/18 MP: 4/4
   857 | D:1      | Reached XP level 3. HP: 23/23 MP: 6/6
   874 | D:1      | Learned a level 3 spell: Spider Form
   877 | D:1      | Learned a level 2 spell: Sticks to Snakes
  1327 | D:2      | Reached skill level 1 in Poison Magic
  1364 | D:2      | Found a basalt altar of Yredelemnul.
  1396 | D:2      | HP: 1/23 [worm (11)]
  1870 | D:2      | Reached XP level 4. HP: 18/28 MP: 4/7
  2200 | D:2      | Noticed Robin
  2211 | D:2      | Slain by a goblin

Action                   |  1- 3 |  4- 6 || total
-------------------------+-------+-------++-------
Melee: Unarmed           |    88 |    23 ||   111
Throw: Stone             |     6 |     1 ||     7
 Cast: Beastly Appendage |     9 |     1 ||    10
       Spider Form       |     3 |     2 ||     5
  Use: Potion            |     3 |       ||     3
       Scroll            |     2 |       ||     2
  Eat: Chunk             |     3 |     2 ||     5
